 Dungeon Crawl Stone Soup version 0.28-a0-1233-g92def6ad0a (webtiles) character file.

Game seed: 8779389427904839118

35 ChaosChampion the Skirmisher (level 3, 0/40 HPs)
             Began as an Ogre Warper on Dec 23, 2021.
             Slain by an orc (1 damage)
             ... on level 4 of the Dungeon.
             The game lasted 00:01:37 (1787 turns).

ChaosChampion the Skirmisher (Ogre Warper)          Turns: 1787, Time: 00:01:37

Health: 0/40       AC:  3    Str: 17    XL:     3   Next: 33%
Magic:  6/6        EV:  9    Int: 14    God:
Gold:   24         SH:  0    Dex:  8    Spells: 6/6 levels left

rFire   . . .      SeeInvis .   a - +0 mace
rCold   . . .      Faith    .   (no shield)
rNeg    . . .      Spirit   .   b - +0 robe
rPois   .          Reflect  .   (helmet restricted)
rElec   .          Harm     .   (no cloak)
rCorr   .          Rampage  .   (gloves unavailable)
Will    .....                   (boots unavailable)
Stlth   +.........              (no amulet)
HPRegen 0.13/turn               (no ring)
MPRegen 0.10/turn               (no ring)

@: no status effects
A: large, unfitting armour, tough skin 1
a: no special abilities


You were on level 4 of the Dungeon.
You visited 1 branch of the dungeon, and saw 4 of its levels.

You collected 24 gold pieces.

Inventory:

Hand Weapons
 a - a +0 mace (weapon)
Missiles
 d - 5 boomerangs of dispersal (quivered)
Armour
 b - a +0 robe (worn)
Scrolls
 c - 2 scrolls of blinking
 e - 2 scrolls of teleportation {unknown}
 f - 2 scrolls of identify {unknown}
 g - 2 scrolls of fog {unknown}
Potions
 h - a potion of curing {unknown}
 i - a potion of resistance {unknown}


   Skills:
 * Level 4.3 Fighting
 + Level 2.3 Maces & Flails
 - Level 1.0 Throwing
 - Level 2.1 Dodging
 - Level 2.4 Spellcasting
 - Level 2.6 Translocations


You had 6 spell levels left.
You didn't know any spells.
Your spell library contained the following spells:

 Spells                   Type           Power      Damage    Failure   Level
 Blink                    Tloc           18%        N/A       12%         2
 Gell's Gravitas          Tloc           9%         N/A       22%         3
 Lesser Beckoning         Tloc           9%         N/A       22%         3
 Teleport Other           Tloc           9%         N/A       22%         3
 Manifold Assault         Tloc           9%         N/A       91%         5


Dungeon Overview and Level Annotations

Branches:
Dungeon (4/15)
 Temple: D:4-7

Altars:


Innate Abilities, Weirdness & Mutations

You are too large for most types of armour.
You have tough skin. (AC +1)


Message History

The worm is almost dead.
The gnoll barely misses you. The worm closely misses you.
The gnoll hits you from afar with a +0 spear.
* * * LOW HITPOINT WARNING * * *
A hobgoblin opens the door.
The hobgoblin shouts!
There is an open door here.
There is a stone staircase leading down here.
You climb downwards.
Found a long gold wand.
Found a stone staircase leading up.
There is a stone staircase leading up here.
There are monsters nearby!
You are too injured to fight recklessly!
You are too injured to fight recklessly!
You are too injured to fight recklessly!
An orc comes into view. It is wielding a +0 whip.
The orc shouts!
The orc hits you with a +0 whip.
You sock the orc!
You kill the orc!
The orc hits you with a +0 whip.
* * * LOW HITPOINT WARNING * * *
The orc closely misses you. The orc completely misses you.
You see here a +0 whip.
You hit the orc but do no damage. The orc hits you with a +0 whip.
* * * LOW HITPOINT WARNING * * *
The orc barely misses you.
A kobold comes into view. It is wielding a +0 short sword.
The orc hits you but does no damage.
The kobold shouts!
You hit the orc but do no damage. The orc hits you with a +0 hand axe.
* * * LOW HITPOINT WARNING * * *
The orc barely misses you. The orc hits you with a +0 hand axe.
* * * LOW HITPOINT WARNING * * *
You hit the orc.
The orc is lightly wounded.
The orc barely misses you. The orc hits you with a +0 hand axe.
* * * LOW HITPOINT WARNING * * *
The orc hits you with a +0 whip.
You die...

..≈≈≈≈≈≈≈≈≈≈≈≈≈
≈....###
...≈≈≈≈≈≈≈≈≈≈≈≈
..##.
.....≈≈≈≈≈≈≈≈≈...
#.
..K....≈≈≈≈≈....
. ............. .
. .....<#....##..
#...o.......
#.o)/....#
###@...#.#
#..<...# #.##...#
#. ......# #
###.... .... ...
.#


You could see 2 orcs and a kobold.

Vanquished Creatures
  A gnoll (D:3)
  A dart slug (D:1)
  An orc (D:4)
  4 ball pythons
  An endoplasm (D:1)
  A goblin (D:1)
  4 hobgoblins
  2 kobolds
  A quokka (D:4)
  3 frilled lizards (D:1)
  2 rats (D:1)
21 creatures vanquished.

Notes
Turn   | Place    | Note
-------+----------+-------------------------------------------
     0 | D:1      | ChaosChampion the Ogre Warper began the quest for the Orb.
     0 | D:1      | Reached XP level 1. HP: 22/22 MP: 3/3
   415 | D:1      | Reached skill level 3 in Fighting
   649 | D:1      | Reached XP level 2. HP: 31/31 MP: 5/5
  1161 | D:1      | Found a faded altar of an unknown god.
  1299 | D:2      | You fall into a shaft and drop 2 floors!
  1329 | D:4      | Reached skill level 4 in Fighting
  1749 | D:3      | Reached XP level 3. HP: 29/39 MP: 6/6
  1786 | D:4      | HP: 1/40 [orc (5)]
  1787 | D:4      | Slain by an orc

Illustrated notes

Levels and vault maps discovered:
D:1:      dpeg_arrival_tiny_a, layout_basic, chequers_ecumenical_altar_twisty,
          kennysheep_decorative_pillar
D:2:      layout_loops_ring, uniq_jessica, uniq_sigmund
D:3:      layout_basic
D:4:      layout_basic, temple_pool_b

Skill      XL: |  1  2 |
---------------+-------+-----
Fighting       | 3 4 |  4.3
Maces & Flails | 2 |  2.3
Throwing       | |  1.0
Dodging        | |  2.1
Spellcasting   | |  2.4
Translocations | |  2.6

Action                   || total
-------------------------++-------
Melee: Mace              ||    85
Armor: Robe              ||    26
Dodge: Dodged            ||    47

Table legend: (Time is in decaauts)
 A = Elapsed time spent in this place.
 B = Non-inter-level travel time spent in this place.
 C = Inter-level travel time spent in this place.
 D = Time resting spent in this place.
 E = Time spent auto-exploring this place.
 F = Levels seen in this place.
 G = Mean time per level.
                   A        B        C        D        E       F      G
               +--------+--------+--------+--------+--------+-----+--------+
         Total |   1812 |   1806 |      6 |    706 |    802 |   4 |  453.0 |
       Dungeon |   1812 |   1806 |      6 |    706 |    802 |   4 |  453.0 |
               +--------+--------+--------+--------+--------+-----+--------+

Top non-repeatable levels by time:
     D:1: 1193 daAuts
     D:4: 317 daAuts
     D:3: 182 daAuts
     D:2: 119 daAuts
